 Dungeon Sprint DCSS version 0.29-a0-251-g80730f7218 (webtiles) character file.

Game seed: 11076653582401223777

3447 mhtbhm the Severer (level 9, 0/150 HPs)
             Began as a Minotaur Berserker on Mar 5, 2022.
             Was a High Priest of Trog.
             Slain by a tentacle (5 damage)
             ... attached to a kraken
             ... in the Dungeon (Sprint II: "The Violet Keep of Menkaure").
             The game lasted 00:01:57 (1293 turns).

mhtbhm the Severer (Minotaur Berserker)             Turns: 1293, Time: 00:01:58

Health: 0/150      AC: 10    Str: 26    XL:     9   Next: 77%
Magic:  8/8        EV: 14    Int:  4    God:    Trog [*****.]
Gold:   94         SH:  5    Dex: 10    Spells: 8/8 levels left

rFire   + . .      SeeInvis .   a - +0 hand axe
rCold   . . .      Faith    .   (no shield)
rNeg    . . .      Spirit   .   b - +3 ring mail {rPois}
rPois   +          Reflect  +   (helmet restricted)
rElec   .          Harm     .   (no cloak)
rCorr   .          Rampage  .   (no gloves)
Will    .....      NoTele   +   (no boots)
Stlth   ..........              j - amulet of reflection
HPRegen 0.35/turn               i - ring of protection from fire
MPRegen 0.11/turn               (no ring)

@: berserking (expiring), very quick
A: horns 2, retaliatory headbutt
a: Renounce Religion, Berserk, Trog's Hand, Brothers in Arms


You were in the Dungeon.
You worshipped Trog.
Trog was extremely pleased with you.
You visited 1 branch You collected 1053 gold pieces.
You spent 959 gold pieces at shops.

Inventory:

Hand Weapons
 a - a +0 hand axe (weapon)
Armour
 b - a +3 ring mail of poison resistance (worn)
Jewellery
 i - a ring of protection from fire (left hand)
 j - an amulet of reflection (around neck)
Scrolls
 h - a scroll of blinking
Potions
 c - a potion of curing
 d - a potion of heal wounds
 e - a potion of haste
 f - 2 potions of magic
 g - a potion of berserk rage


   Skills:
 + Level 16.3 Fighting
 + Level 17.4 Axes
 + Level 9.3 Armour
 + Level 9.3 Dodging
 + Level 1.7 Stealth
 + Level 0.2 Shields


You had 8 spell levels left.
You didn't know any spells.
Your spell library was empty.

Dungeon Overview and Level Annotations

Branches:
Dungeon (1/1)

Altars:
Cheibriados
Dithmenos
Elyvilon
Fedhas
Gozag
Hepliaklqana
Kikubaaqudgha
Makhleb
Qazlal
Ru
Sif Muna
Trog
Wu Jian
Xom
Beogh
Jiyva
Lugonu

Shops:
D *!:!:!([((==?[[

Annotations:
D exclusions: obsidian statue and oklob plant


Innate Abilities, Weirdness & Mutations

You have a pair of horns on your head.
You reflexively headbutt those who attack you in melee.


Message History

You kill the tentacle!
You hit the tentacle but do no damage. You headbutt the tentacle!
The tentacle is lightly wounded.
You block the tentacle's attack.
Your unstable footing causes you to fumble your attack.
Your unstable footing causes you to fumble your attack.
Tentacles burst out of the water!
The tentacle slaps you.
* * * LOW HITPOINT WARNING * * *
You slash the tentacle!
The tentacle is moderately wounded.
The tentacle completely misses you.
You barely miss the tentacle. You punch the tentacle.
The tentacle is moderately wounded.
Your unstable footing causes you to fumble your attack.
The tentacle barely misses you. You furiously retaliate!
You headbutt the tentacle!!
Your unstable footing causes you to fumble your attack.
The tentacle slaps you!
* * * LOW HITPOINT WARNING * * *
You slash the tentacle!
You kill the tentacle!
The tentacle slaps you but does no damage.
Your unstable footing causes you to fumble your attack.
You slash the tentacle! Your headbutt misses the tentacle.
The tentacle is moderately wounded.
The kraken squirts a massive cloud of ink into the water!
The tentacle completely misses you.
Your unstable footing causes you to fumble your attack.
The tentacle slaps you!!
* * * LOW HITPOINT WARNING * * *
Unknown command.
You slice the tentacle!!
The tentacle is severely wounded.
Your unstable footing causes you to fumble your attack.
The tentacle barely misses you. You furiously retaliate!
You headbutt the tentacle.
A tentacle rises from the water!
You slice the tentacle!!
You kill the tentacle!
The tentacle slaps you.
You die...

#. +.### }▓!$)=$?!!▓▓
...####▓)[:$!$$!▓▓
#..##.#▓$$!???!(▓▓
+..#..#▓)$$![!!$▓▓
#..#†)#▓$:?!!$![▓▓
###§.##.#▓[?(!!:([▓▓
.###§§.##▓▓▓▓▓▓▓+▓▓▓▓+▓
..§§§≈≈≈≈≈≈≈≈§§§@w─X§≈▓
§..≈#+########+###.ww≈▓
≈§§≈#.._.....#SS≈# §§≈▓
≈≈§≈#._._....#S≈§≈# # ▓
≈≈≈≈#_._._...#≈≈≈≈≈#
≈≈≈≈#._._._..#≈≈≈§≈≈
≈§§≈#_._._._.#≈≈≈§≈≈
##≈§#._._._._#≈≈≈§≈≈


You could see a kraken and 3 tentacles.

Vanquished Creatures
  2 boulder beetles (D)
  A merfolk siren (D)
  A yaktaur (D)
  3 polar bears (D)
  A blink frog (D)
  A hornet (D)
  2 wyverns (D)
  Menkaure (D)
  4 necrophages (D)
  4 tentacles (D)
20 creatures vanquished.

Vanquished Creatures (others)
  A water moccasin (D)
  4 tentacles (D)
5 creatures vanquished.

Grand Total: 25 creatures vanquished

Notes
Turn   | Place    | Note
-------+----------+-------------------------------------------
     0 | D        | mhtbhm the Minotaur Berserker began the quest for the Orb.
     0 | D        | Reached XP level 1. HP: 19/19 MP: 0/0
     1 | D        | Noticed a necrophage
     1 | D        | Noticed a necrophage
     1 | D        | Noticed a necrophage
     1 | D        | Noticed a necrophage
     8 | D        | Killed a necrophage
     9 | D        | Reached skill level 6 in Axes
     9 | D        | Reached XP level 2. HP: 27/31 MP: 1/1
     9 | D        | Reached XP level 3. HP: 33/38 MP: 2/2
    14 | D        | Killed a necrophage
    15 | D        | Reached skill level 8 in Axes
    15 | D        | Reached XP level 4. HP: 36/48 MP: 3/3
    18 | D        | Killed a necrophage
    18 | D        | Reached ** piety under Trog
    19 | D        | Reached skill level 9 in Axes
    19 | D        | Reached XP level 5. HP: 25/57 MP: 4/4
    20 | D        | Reached skill level 5 in Armour
    20 | D        | Reached skill level 5 in Dodging
   218 | D        | Noticed a wyvern
   218 | D        | Noticed a wyvern
   220 | D        | Killed a wyvern
   221 | D        | Reached skill level 10 in Fighting
   221 | D        | Reached skill level 11 in Axes
   221 | D        | Reached XP level 6. HP: 67/67 MP: 5/5
   224 | D        | Killed a wyvern
   225 | D        | Reached skill level 12 in Axes
   225 | D        | Reached XP level 7. HP: 74/74 MP: 6/6
   261 | D        | Noticed a boulder beetle
   261 | D        | Noticed a boulder beetle
   265 | D        | Noticed a merfolk siren
   275 | D        | Killed a merfolk siren
   275 | D        | Reached *** piety under Trog
   276 | D        | Reached skill level 13 in Axes
   353 | D        | Killed a boulder beetle
   354 | D        | Reached skill level 14 in Axes
   354 | D        | Reached XP level 8. HP: 21/88 MP: 7/7
   764 | D        | Killed a boulder beetle
   765 | D        | Reached skill level 15 in Axes
   765 | D        | Reached XP level 9. HP: 96/96 MP: 8/8
   822 | D        | Noticed an obsidian statue
   825 | D        | Found Kerchuelu's Armour Shop.
   827 | D        | Found Ydghic's Magic Scroll Boutique.
   827 | D        | Found Joples's Antique Armour Boutique.
   829 | D        | Found Ilattot's Jewellery Shop.
   829 | D        | Found Saes's Jewellery Shop.
   831 | D        | Found Ezxucopt's Antique Weapon Boutique.
   831 | D        | Found Hekoa's Weapon Boutique.
   847 | D        | Reached **** piety under Trog
   848 | D        | Reached skill level 15 in Fighting
   848 | D        | Reached skill level 16 in Axes
   911 | D        | Found Siutt's Antique Armour Shop.
   912 | D        | Found Huror's Antique Weapon Shop.
   912 | D        | Found Miprugomp's Distillery.
   916 | D        | Found Takit's Book Shop.
   916 | D        | Found Byij's Distillery.
   916 | D        | Noticed Menkaure
   916 | D        | Noticed an oklob plant
   917 | D        | Found Domyo's Distillery.
   917 | D        | Found Oceshram's General Store.
   917 | D        | Found Kapo's Book Shoppe.
   918 | D        | Noticed a fire dragon
   928 | D        | Killed Menkaure
   963 | D        | Bought a +3 ring mail of poison resistance for 299 gold
                  | pieces
   976 | D        | Bought a ring of protection from fire for 300 gold pieces
   976 | D        | Bought an amulet of reflection for 360 gold pieces
  1003 | D        | Found a stormy altar of Qazlal.
  1004 | D        | Found an ornate altar of the Wu Jian Council.
  1006 | D        | Found a hazy altar of Hepliaklqana.
  1006 | D        | Found a sacrificial altar of Ru.
  1006 | D        | Found a shimmering altar of Xom.
  1007 | D        | Found a viscous altar of Jiyva.
  1007 | D        | Found a shimmering blue altar of Sif Muna.
  1008 | D        | Found a snail-covered altar of Cheibriados.
  1008 | D        | Found an ancient bone altar of Kikubaaqudgha.
  1008 | D        | Found a bloodstained altar of Trog.
  1009 | D        | Found a shadowy altar of Dithmenos.
  1009 | D        | Found a corrupted altar of Lugonu.
  1010 | D        | Found a white marble altar of Elyvilon.
  1010 | D        | Found a burning altar of Makhleb.
  1011 | D        | Found a blossoming altar of Fedhas.
  1014 | D        | Noticed a yaktaur
  1014 | D        | Noticed a polar bear
  1014 | D        | Noticed a polar bear
  1015 | D        | Noticed a polar bear
  1018 | D        | Killed a polar bear
  1019 | D        | Reached skill level 1 in Stealth
  1026 | D        | Killed a polar bear
  1026 | D        | Reached ***** piety under Trog
  1027 | D        | Reached skill level 17 in Axes
  1030 | D        | Killed a polar bear
  1032 | D        | Killed a yaktaur
  1076 | D        | Found an opulent altar of Gozag.
  1083 | D        | Noticed a kraken
  1289 | D        | HP: 4/150 [tentacle[a kraken] (24)]
  1293 | D        | Slain by a tentacle

Illustrated notes

Levels and vault maps discovered:
D:        the_violet_keep_of_menkaure [sprint2_stairs_cluster_1,
          sprint2_shoproom, sprint2_temple, sprint2_basic_supplies,
          sprint2_obstacle_3, sprint2_obstacle_2, sprint2_obstacle_4,
          sprint2_obstacle_6, sprint2_obstacle_1, sprint2_timed_cluster_1,
          sprint2_smallroom_cluster_1, sprint2_smallroom_final_cluster_1,
          sprint2_transparent_cluster_1, sprint2_second_timed_cluster_1,
          sprint2_sniper_area_1, sprint2_heavy_combat_area_1,
          sprint2_mutation_trap_area_1, sprint2_forest_area_1,
          sprint2_light_combat_area_1, sprint2_behind_water_1,
          sprint2_near_end_vault_1]

Skill      XL: |  1  2  3  4  5  6  7  8  9 |
---------------+----------------------------+-----
Fighting       | 6 8 9 10 11 13 14 16 | 16.3
Axes           | 6 8 9 11 12 14 15 17 | 17.4
Armour         | 3 4 5 6 7 8 9 |  9.3
Dodging        | 3 4 5 6 7 8 9 |  9.3
Stealth        | 1 |  1.7
Shields        | |  0.2

Action                   |  1- 3 |  4- 6 |  7- 9 || total
-------------------------+-------+-------+-------++-------
Melee: Hand axe          |    12 |     9 |    80 ||   101
       Headbutt          |     1 |     2 |    17 ||    20
       Punch             |     1 |       |     4 ||     5
Invok: Berserk           |     1 |     1 |     5 ||     7
Armor: Animal skin       |       |     1 |       ||     1
       Ring mail         |       |       |     8 ||     8
Dodge: Dodged            |     4 |     3 |    19 ||    26
Block: Other             |       |       |     5 ||     5

Table legend: (Time is in decaauts)
 A = Elapsed time spent in this place.
 B = Non-inter-level travel time spent in this place.
 C = Inter-level travel time spent in this place.
 D = Time resting spent in this place.
 E = Time spent auto-exploring this place.
 F = Levels seen in this place.
 G = Mean time per level.
                   A        B        C        D        E       F      G
               +--------+--------+--------+--------+--------+-----+--------+
         Total |   1329 |   1329 |      0 |   1013 |      0 |   1 | 1329.0 |
       Dungeon |   1329 |   1329 |      0 |   1013 |      0 |   1 | 1329.0 |
               +--------+--------+--------+--------+--------+-----+--------+

Top non-repeatable levels by time:
       D: 1329 daAuts
